 Dungeon Crawl Stone Soup version 0.23.1 (webtiles) character file.

Game seed: 0

405 esteth the Ruffian (level 6, -1/51 HPs)
             Began as a Draconian Transmuter on Mar 7, 2019.
             Was a Follower of Makhleb.
             Slain by a gnoll
             ... wielding a +0 flail
              (7 damage)
             ... on level 5 of the Dungeon.
             The game lasted 00:12:58 (4806 turns).

esteth the Ruffian (Draconian Transmuter)           Turns: 4806, Time: 00:12:59

Health: -1/51      AC:  7    Str: 12    XL:     6   Next: 56%
Magic:  2/10       EV: 11    Int: 16    God:    Makhleb [*.....]
Gold:   206        SH:  3    Dex: 11    Spells: 5/11 levels left

rFire    . . .     SeeInvis .   d - +1 short sword (drain)
rCold    . . .     Gourm    .   r - +0 buckler
rNeg     . . .     Faith    .   (armour unavailable)
rPois    .         Spirit   .   (helmet restricted)
rElec    .         Reflect  .   (no cloak)
rCorr    .         Harm     .   k - +0 pair of gloves
MR       .....                  (boots currently unavailable)
Stlth    ++........             (no amulet)
HPRegen  0.17/turn              h - ring of stealth
MPRegen  0.12/turn              (no ring)

@: appendage
A: unfitting armour, talons 3, cold-blooded, AC +6
a: End Transformation, Renounce Religion


You were on level 5 of the Dungeon.
You worshipped Makhleb.
Makhleb was aware of your devotion.
You were not hungry.
You had grown temporary talons.
You visited 1 branch of the dungeon, and saw 5 of its levels.

You collected 206 gold pieces.

Inventory:

Hand Weapons
 d - a +1 short sword of draining (weapon)
 e - a +0 club
Missiles
 a - 83 arrows
Armour
 k - a +0 pair of gloves (worn)
 r - a +0 buckler (worn)
Jewellery
 h - a ring of stealth (left hand)
Scrolls
 b - 3 scrolls of blinking {unknown}
 f - a scroll of amnesia {unknown}
 g - a scroll of noise {unknown}
 i - 9 scrolls of identify
 j - 4 scrolls of remove curse {unknown}
 m - 4 scrolls of teleportation {unknown}
 q - a scroll of fog {unknown}
 s - 2 scrolls of enchant armour {unknown}
 t - a scroll of enchant weapon {unknown}
 u - a scroll of magic mapping {unknown}
Potions
 l - 2 potions of curing {unknown}
 n - a potion of berserk rage {unknown}
 o - a potion of lignification {unknown}
 p - 2 potions of invisibility {unknown}
 v - a potion of haste {unknown}
Comestibles
 c - 8 rations
 w - 12 chunks of flesh


   Skills:
 + Level 3.4 Fighting
 - Level 2.1 Dodging
 + Level 4.3 Unarmed Combat
 - Level 3.2 Spellcasting
 + Level 3.8 Transmutations
 - Level 2.0 Poison Magic


You had 5 spell levels left.
You knew the following spells:

 Your Spells              Type           Power        Failure   Level  Hunger
a - Beastly Appendage     Tmut           ##....       6%          1    None
b - Sticks to Snakes      Tmut           ##......     10%         2    ##.....
c - Spider Form           Tmut/Pois      ##........   28%         3    ###....

Your spell library contained the following spells:

 Spells                   Type           Power        Failure   Level  Hunger
 Ice Form                 Ice/Tmut       #.......     80%         4    ####...
 Blade Hands              Tmut           ##........   86%         5    ######.


Dungeon Overview and Level Annotations

Branches:
Dungeon (5/15)
 Temple: D:4-7

Altars:
Cheibriados
Elyvilon
Kikubaaqudgha
Makhleb
Nemelex Xobeh
Sif Muna
Trog


Innate Abilities, Weirdness & Mutations

Your plain brown scales are hard. (AC +6)
You cannot fit into any form of body armour.
You are cold-blooded and may be slowed by cold attacks.
You have claws for feet.


Message History

Your ball python grabs the gnoll.
Your ball python constricts the gnoll.
The gnoll closely misses your ball python.
Your ball python bites the gnoll.
Your ball python constricts the gnoll.
The gnoll hits your ball python with a +0 flail!
Your ball python dies!
You see here a throwing net.
The gnoll hits you but does no damage.
Casting: Beastly Appendage (safe; 6% risk of failure)
Confirm with . or Enter, or press ? or * to list all spells.
You create a snake!
You now have 83 arrows.
The gnoll barely misses you. x3
You hit the gnoll.
The gnoll is moderately wounded.
The gnoll hits you with a +0 flail!
* * * LOW HITPOINT WARNING * * *
Your ball python bites the gnoll.
Your ball python barely misses the gnoll.
The gnoll hits you with a cursed -1 club.
* * * LOW HITPOINT WARNING * * *
The gnoll hits you with a +0 flail!
You die...

........# #.<.......# ........#
#.........#
........##############.........##
####'#'##....#<#.................
#....#....##.#.#..............###
#.####.##)##)..#................#
'..g.....)))....S.......รทรท.......
###'#########..gg..............##
#..g@.............##
#.........)........#
#.......########'### #...^...#
#.#### ######### #....# ####.# #)#
#)# #.#


You could see 3 gnolls and a friendly ball python.

Vanquished Creatures
  A gnoll shaman (D:5)
  A hound (D:4)
  An iguana (D:4)
  4 adders
  7 gnolls
  2 oozes (D:1)
  A worm (D:3)
  2 dart slugs
  A leopard gecko (D:3)
  12 orcs
  4 giant cockroaches
  11 goblins
  7 hobgoblins
  4 jackals
  5 ball pythons
  7 bats
  5 frilled lizards
  8 kobolds
  6 rats
89 creatures vanquished.

Vanquished Creatures (collateral kills)
  Menkaure (D:4)
  An orc wizard (D:4)
  A gnoll (D:5)
  An orc (D:4)
4 creatures vanquished.

Grand Total: 93 creatures vanquished

Notes
Turn   | Place    | Note
-------+----------+-------------------------------------------
     0 | D:1      | esteth the Draconian Transmuter began the quest for the
                  | Orb.
     0 | D:1      | Reached XP level 1. HP: 16/16 MP: 3/3
   198 | D:1      | Reached XP level 2. HP: 23/23 MP: 3/5
   977 | D:1      | Reached XP level 3. HP: 24/29 MP: 6/6
  1215 | D:1      | Learned a level 2 spell: Sticks to Snakes
  1219 | D:1      | Learned a level 3 spell: Spider Form
  1514 | D:2      | Reached skill level 1 in Poison Magic
  1653 | D:2      | Reached XP level 4. HP: 36/36 MP: 7/7
  1755 | D:2      | Found an ancient bone altar of Kikubaaqudgha.
  1823 | D:2      | Found a deep blue altar of Sif Muna.
  1924 | D:2      | Found a sparkling altar of Nemelex Xobeh.
  1934 | D:2      | Found a snail-covered altar of Cheibriados.
  1937 | D:2      | Found a white marble altar of Elyvilon.
  2726 | D:3      | Reached XP level 5. HP: 35/41 MP: 8/8
  2752 | D:3      | Found a burning altar of Makhleb.
  2794 | D:3      | Became a worshipper of Makhleb the Destroyer
  3606 | D:4      | Found a bloodstained altar of Trog.
  3949 | D:4      | Noticed Menkaure
  3963 | D:4      | Killed Menkaure
  3963 | D:4      | Reached skill level 4 in Unarmed Combat
  3963 | D:4      | Reached XP level 6. HP: 19/51 MP: 4/10
  4466 | D:5      | Entered Level 5 of the Dungeon
  4788 | D:5      | Reached * piety under Makhleb
  4806 | D:5      | Slain by a gnoll

Skill      XL: |  1  2  3  4  5 |
---------------+----------------+-----
Dodging        | 2 |  2.1
Transmutations | 3 |  3.8
Poison Magic   | 1 2 |  2.0
Fighting       | 3 |  3.4
Unarmed Combat | 4 |  4.3
Spellcasting   | 3 |  3.2

Action                   |  1- 3 |  4- 6 || total
-------------------------+-------+-------++-------
Melee: Unarmed           |    28 |     5 ||    33
       Headbutt          |     2 |     1 ||     3
       Tailslap          |     7 |    11 ||    18
       Club              |    44 |       ||    44
       Kick              |     4 |       ||     4
       Short sword       |    74 |   161 ||   235
 Cast: Beastly Appendage |     5 |     3 ||     8
       Spider Form       |       |     1 ||     1
       Sticks to Snakes  |       |    10 ||    10
  Use: Potion            |       |     2 ||     2
       Scroll            |       |     1 ||     1
 Stab: Sleeping          |       |     2 ||     2
       Distracted        |       |     2 ||     2
  Eat: Chunk             |     3 |     8 ||    11
       Ration            |       |     1 ||     1
Armor: Skin              |    48 |    72 ||   120
Dodge: Dodged            |   103 |   135 ||   238
Block: Buckler           |       |     2 ||     2
